 Dungeon Crawl Stone Soup version 0.28.0-45-g0d030f2227 (webtiles) character file.

Game seed: 17566353170546897435

92 DuloT34 the Changer (level 4, -3/38 HPs)
             Began as a Naga Transmuter on Apr 20, 2022.
             Was an Initiate of Hepliaklqana.
             Slain by an orc warrior
             ... wielding a +0 dire flail of holy wrath
              (9 damage)
             ... on level 3 of the Dungeon.
             The game lasted 00:09:40 (4066 turns).

DuloT34 the Changer (Naga Transmuter)               Turns: 4066, Time: 00:09:41

Health: -3/38      AC:  2    Str: 12    XL:     4   Next: 60%
Magic:  1/7        EV: 10    Int: 16    God:    Hepliaklqana [......]
Gold:   93         SH:  5    Dex: 11    Spells: 1/7 levels left

rFire   . . .      SeeInvis +     - Unarmed
rCold   . . .      Faith    .   (no shield)
rNeg    . . .      Spirit   .   a - +0 robe
rPois   +          Reflect  +   (helmet currently unavailable)
rElec   .          Harm     .   (no cloak)
rCorr   .          Rampage  .   (no gloves)
Will    .....                   (no barding)
Stlth   +.........              d - amulet of reflection
HPRegen 0.12/turn               (no ring)
MPRegen 0.10/turn               (no ring)

@: about to teleport, appendages, wereblooded, very slightly contaminated, very
slow
A: horns 2, AC +1, large, see invisible, deformed body, poison resistance,
slowness 2, spit poison 1, naga tail 1
a: Spit Poison, End Transformation, Renounce Religion


You were on level 3 of the Dungeon.
You worshipped Hepliaklqana.
Hepliaklqana was noncommittal.
You had temporarily grown beastly horns.
You visited 1 branch of the dungeon, and saw 3 of its levels.

You collected 93 gold pieces.

Inventory:

Missiles
 h - 2 throwing nets
Armour
 a - a +0 robe (worn)
Jewellery
 d - an amulet of reflection (around neck)
Scrolls
 b - 2 scrolls of identify
 f - a scroll of teleportation
 g - a scroll of fog
 i - a scroll of fear {unknown}
 m - a scroll of brand weapon {unknown}
Potions
 c - a potion of invisibility
 e - a potion of curing
 j - 2 potions of flight {unknown}
 k - a potion of degeneration {unknown}
 l - a potion of haste {unknown}


   Skills:
 - Level 1.3 Fighting
 - Level 1.7 Dodging
 - Level 3.1 Unarmed Combat
 - Level 2.1 Spellcasting
 + Level 4.2 Transmutations


You had one spell level left.
You knew the following spells:

 Your Spells              Type           Power      Damage    Failure   Level
a - Beastly Appendage     Tmut           30%        N/A       3%          1
b - Wereblood             Tmut           15%        N/A       5%          2
c - Ozocubu's Armour      Ice            1%         N/A       52%         3

Your spell library contained the following spells:

 Spells                   Type           Power      Damage    Failure   Level
 Foxfire                  Conj/Fire      4%         2x1d4     21%         1
 Spider Form              Tmut/Pois      8%         N/A       26%         3
 Conjure Flame            Conj/Fire      1%         6-21      52%         3
 Inner Flame              Hex/Fire       1%         N/A       52%         3
 Ice Form                 Ice/Tmut       8%         N/A       65%         4
 Flame Wave               Conj/Fire      1%         2d4       90%         4
 Metabolic Englaciation   Hex/Ice        0%         N/A       99%         5
 Simulacrum               Ice/Necr       0%         N/A       100%        6


Dungeon Overview and Level Annotations

Branches:
Dungeon (3/15)

Altars:
Hepliaklqana

Annotations:
D:3 Terence


Innate Abilities, Weirdness & Mutations

You have temporarily grown beastly horns.
Your serpentine skin is tough. (AC +1)
You have supernaturally acute eyesight. (SInv)
Armour fits poorly on your strangely shaped body.
Your system is resistant to poisons. (rPois)
You cover ground very slowly.
You can spit poison.
You have a snake-like lower body.


Message History

b - 2 scrolls of identify (gained 1)
You see here a +0 robe.
Found a stone staircase leading down.
An orc warrior comes into view.
It is wielding a +0 dire flail of holy wrath.
The orc warrior shouts!
You hear a shout!
An orc comes into view. It is wielding a +0 war axe.
Terence the Incautious comes into view.
He is wielding a +0 flail.
Found a scroll labelled BIDUC KIULEQUHYADO.
Terence shouts!
Casting: Beastly Appendage (safe; 3% risk of failure)
Confirm with . or Enter, or press ? or * to list all spells.
Okay, then.
Casting: Beastly Appendage (safe; 3% risk of failure)
Confirm with . or Enter, or press ? or * to list all spells.
The spell is quite dangerous to miscast (52% risk of failure)!
Continue anyway?
You miscast Ozocubu's Armour.
You are very lightly contaminated with residual magic.
Frost covers your body!
Casting: Ozocubu's Armour (quite dangerous; 52% risk of failure)
Confirm with . or Enter, or press ? or * to list all spells.
You grow a pair of large bovine horns.
An orc wizard comes into view. It is wielding a +0 dagger.
Casting: Beastly Appendage (safe; 3% risk of failure)
Confirm with . or Enter, or press ? or * to list all spells.
Your blood is infused with primal strength.
The orc wizard shouts!
You block the orc warrior's attack.
You completely miss the orc warrior.
The orc warrior hits you with a +0 dire flail of holy wrath!
You hit the orc warrior.
The orc warrior is moderately wounded.
Terence hits you with a +0 flail. The orc warrior closely misses you.
As you read the scroll of teleportation, it crumbles to dust.
You feel strangely unstable. Terence hits you with a +0 flail!
* * * LOW HITPOINT WARNING * * *
The orc warrior closely misses you.
As you read the scroll of fog, it crumbles to dust.
The scroll dissolves into smoke.
Terence barely misses you.
The orc warrior hits you with a +0 dire flail of holy wrath!
You die...

.. #@ #### #. ...##. #
#....## .#
#.#.....##.#
#...?......#
#.##########...##...
+....§§@oo.......>..
#.#...##@.##...##...
#....#o§##........ .
#....#............
.#####
#....#.####..o....
.....#
#....#....#.......
.....#
#.....#.###.......
..... #.....#...
.......
....########..<.######


You could see an orc warrior, Terence, an orc wizard and an orc.

Vanquished Creatures
  3 adders (D:3)
  2 worms (D:2)
  A dart slug (D:3)
  4 endoplasms (D:1)
  2 giant cockroaches (D:2)
  2 goblins (D:1)
  4 hobgoblins
  4 jackals (D:2)
  4 ball pythons
  4 bats
  8 frilled lizards
  5 kobolds
  7 rats
50 creatures vanquished.

Vanquished Creatures (others)
  An adder (D:3)
1 creature vanquished.

Grand Total: 51 creatures vanquished

Notes
Turn   | Place    | Note
-------+----------+-------------------------------------------
     0 | D:1      | DuloT34 the Naga Transmuter began the quest for the Orb.
     0 | D:1      | Reached XP level 1. HP: 18/18 MP: 3/3
   540 | D:1      | Reached XP level 2. HP: 8/25 MP: 5/5
  1688 | D:1      | Reached XP level 3. HP: 28/31 MP: 4/6
  2152 | D:2      | Reached skill level 3 in Transmutations
  2633 | D:1      | Learned a level 2 spell: Wereblood
  2637 | D:1      | Learned a level 3 spell: Ozocubu's Armour
  3092 | D:2      | Found a hazy altar of Hepliaklqana.
  3108 | D:2      | Became a worshipper of Hepliaklqana the Forgotten
  3425 | D:3      | Reached XP level 4. HP: 8/38 MP: 5/7
  3801 | D:3      | Found a faded altar of an unknown god.
  3914 | D:3      | Reached skill level 4 in Transmutations
  4053 | D:3      | Noticed an orc warrior
  4054 | D:3      | Noticed Terence
  4066 | D:3      | Slain by an orc warrior

Illustrated notes

Levels and vault maps discovered:
D:1:      dpeg_arrival_connections, layout_basic, kennysheep_decorative_pillar,
          chequers_serial_rivers_micro_b, st_stairs_13
D:2:      layout_rooms, basic_altar, minmay_close_crescents
D:3:      layout_basic, ebering_ecumenical_altar_box, uniq_terence

Skill      XL: |  1  2  3  4 |
---------------+-------------+-----
Transmutations | 3 4 |  4.2
Fighting       | |  1.3
Dodging        | |  1.7
Unarmed Combat | |  3.1
Spellcasting   | |  2.1

Action                   |  1- 3 |  4- 6 || total
-------------------------+-------+-------++-------
Melee: Unarmed           |   165 |    33 ||   198
       Headbutt          |    16 |     3 ||    19
       Punch             |     3 |       ||     3
 Cast: Beastly Appendage |    33 |     6 ||    39
       Wereblood         |     6 |     5 ||    11
  Use: Scroll            |     3 |     2 ||     5
       Potion            |     2 |       ||     2
 Stab: Sleeping          |     1 |       ||     1
Armor: Robe              |    34 |     3 ||    37
Dodge: Dodged            |    87 |    16 ||   103
Block: Other             |    14 |     8 ||    22
